[Event "International chess holiday M11"]
[Site "?"]
[Date "2018.07.15"]
[Round "1"]
[White "Chudinovskikh, Alexander"]
[Black "Zacek, Petr"]
[Result "1-0"]
[ECO "C10"]
[WhiteElo "2237"]
[BlackElo "1897"]
[Annotator "Koller,Martin"]
[PlyCount "59"]
[TimeControl "240+2"]

{279MB} 1. e4 e6 2. d4 d5 3. Nc3 dxe4 4. Nxe4 Nd7 5. g3 Ngf6 6. Nxf6+ Nxf6 7.
Bg2 Be7 8. Nf3 O-O 9. O-O c5 10. Re1 Qc7 11. dxc5 Bxc5 12. Ne5 Nd7 13. Bf4 Nxe5
14. Bxe5 Qb6 15. Qd2 f6 16. Bc3 e5 17. b4 Be7 18. a4 Be6 19. a5 Qc7 20. a6 Rad8
21. Qe3 b6 22. f4 Rc8 23. Ra3 Bf5 24. fxe5 fxe5 25. Bxe5 Qxc2 26. Bd5+ Kh8 27.
Bxg7+ Kxg7 28. Qxe7+ Kg6 29. g4 Bd3 30. Re6+ 1-0

[Event "International chess holiday M11"]
[Site "?"]
[Date "2018.07.15"]
[Round "1"]
[White "Vojta, Jakub"]
[Black "Mouritsen, Jan"]
[Result "1-0"]
[ECO "B51"]
[WhiteElo "2124"]
[BlackElo "1900"]
[Annotator "Koller,Martin"]
[PlyCount "49"]
[TimeControl "240+2"]

{279MB} 1. e4 c5 2. Nf3 Nc6 3. Bb5 g6 4. O-O Bg7 5. Re1 d6 6. c3 Bd7 7. d4 cxd4
8. cxd4 Qb6 9. Nc3 Rc8 10. Be3 Qa5 11. Qe2 a6 12. Bc4 e6 13. Rad1 Nge7 14. Bf4
Nxd4 15. Nxd4 Qc5 16. Bxd6 Qxc4 17. Qe3 h6 18. e5 Nf5 19. Nxf5 gxf5 20. Rd4 Qc6
21. Red1 b5 22. Qg3 Bf8 23. Bxf8 Rxf8 24. Rxd7 b4 25. Qd3 1-0

[Event "International chess holiday M11"]
[Site "?"]
[Date "2018.07.15"]
[Round "1"]
[White "Hadzala, Daniel"]
[Black "Vesely, Jaromir"]
[Result "1-0"]
[ECO "A07"]
[WhiteElo "2104"]
[BlackElo "2008"]
[Annotator "Koller,Martin"]
[PlyCount "61"]
[TimeControl "240+2"]

{279MB} 1. Nf3 d5 2. g3 c6 3. Bg2 Bf5 4. d3 h6 5. O-O e6 6. Nbd2 Nf6 7. Qe1 Bh7
8. e4 Be7 9. Qe2 O-O 10. e5 Nfd7 11. Re1 c5 12. Nf1 Nc6 13. h4 Rc8 14. Bf4 Nd4
15. Nxd4 cxd4 16. Nh2 Qb6 17. Rab1 Rc6 18. Nf3 Rfc8 19. Rec1 f6 20. Bh3 f5 21.
h5 Qb4 22. c3 dxc3 23. bxc3 Qa4 24. Nd4 Ra6 25. Rxb7 Ba3 26. Rcb1 Rxc3 27. Nb5
Rc2 28. Qd1 Bc5 29. d4 Qxa2 30. Rxd7 Rxf2 31. Nc3 1-0

[Event "International chess holiday M11"]
[Site "?"]
[Date "2018.07.15"]
[Round "1"]
[White "Chmel, Kristian"]
[Black "Reichmann, Steffen"]
[Result "1-0"]
[ECO "B09"]
[WhiteElo "2121"]
[BlackElo "1965"]
[Annotator "Koller,Martin"]
[PlyCount "63"]
[TimeControl "240+2"]

{279MB} 1. e4 d6 2. d4 Nf6 3. Nc3 g6 4. f4 Bg7 5. Nf3 O-O 6. Bd3 Nc6 7. d5 Nb4
8. O-O c6 9. dxc6 Qb6+ 10. Kh1 bxc6 11. Qe2 Nxd3 12. cxd3 Ba6 13. Be3 Qa5 14.
Nd4 c5 15. Nb3 Qc7 16. e5 dxe5 17. Nxc5 Bc8 18. fxe5 Qxe5 19. d4 Qh5 20. Qxh5
gxh5 21. Rae1 Ng4 22. Bg1 e6 23. N3e4 h4 24. Nd6 Nf6 25. Rf4 h3 26. gxh3 Rd8
27. Nxc8 Raxc8 28. Ref1 Nh5 29. Rxf7 Bxd4 30. Nxe6 Bxg1 31. Nxd8 Rxd8 32. Kxg1
1-0

[Event "International chess holiday M11"]
[Site "?"]
[Date "2018.07.15"]
[Round "1"]
[White "Lys, Josef"]
[Black "Yanjinlkham, Bayarsaikhan"]
[Result "0-1"]
[ECO "D15"]
[WhiteElo "2118"]
[BlackElo "1984"]
[Annotator "Koller,Martin"]
[PlyCount "118"]
[TimeControl "240+2"]

{279MB} 1. d4 d5 2. c4 c6 3. Nc3 Nf6 4. Nf3 a6 5. a4 e6 6. e3 Bb4 7. Qb3 a5 8.
Be2 Nbd7 9. O-O Qe7 10. Bd2 O-O 11. Rad1 Bd6 12. Rfe1 Ne4 13. Bf1 Nxd2 14. Rxd2
dxc4 15. Bxc4 e5 16. Qc2 Bb4 17. e4 exd4 18. Nxd4 Ne5 19. Bf1 Qg5 20. Kh1 Bg4
21. Be2 Rad8 22. f3 c5 23. Nb3 c4 24. Nd4 Nd3 25. Bxd3 Rxd4 26. fxg4 Rfd8 27.
Red1 cxd3 28. Qb3 Qxg4 29. h3 Qe6 30. Qxe6 fxe6 31. Kg1 Bxc3 32. bxc3 Rxe4 33.
Rxd3 Rxd3 34. Rxd3 Rxa4 35. Rd8+ Kf7 36. Rd7+ Kf6 37. Rxb7 Rc4 38. Ra7 Rxc3 39.
Rxa5 Rc2 40. Kh2 Rc3 41. Kg1 g6 42. Kf2 h5 43. Ra8 h4 44. Rf8+ Ke5 45. Rh8 g5
46. Rg8 Kf4 47. Rf8+ Ke4 48. Ra8 Rc2+ 49. Kf1 e5 50. Ra4+ Kf5 51. Ra8 e4 52.
Ra7 Kf4 53. Ra8 Rd2 54. Ra5 Ke3 55. Kg1 Rd1+ 56. Kh2 Kf4 57. Ra4 Ke5 58. Ra3
Rd3 59. Ra4 Kf4 0-1

[Event "International chess holiday K11"]
[Site "?"]
[Date "2018.07.15"]
[Round "1"]
[White "Docekalova, Alexandra"]
[Black "Repa, Vaclav"]
[Result "1-0"]
[ECO "B21"]
[WhiteElo "1893"]
[BlackElo "1658"]
[Annotator "Koller,Martin"]
[PlyCount "57"]
[TimeControl "240+2"]

{279MB} 1. e4 c5 2. f4 d6 3. Nf3 Nc6 4. Be2 g6 5. O-O Bg7 6. c3 e5 7. d3 Nge7
8. Na3 Be6 9. Ng5 O-O 10. Nxe6 fxe6 11. Bg4 Qd7 12. Be3 exf4 13. Bxf4 Ne5 14.
Bh3 Rf6 15. d4 cxd4 16. cxd4 Rxf4 17. Rxf4 d5 18. dxe5 Bxe5 19. Rf2 Nc6 20.
exd5 Qxd5 21. Qxd5 exd5 22. Be6+ Kg7 23. Bxd5 Bd4 24. Bxc6 bxc6 25. Rd1 c5 26.
Kf1 Rb8 27. Rxd4 cxd4 28. Rd2 a5 29. Nc4 1-0

[Event "International chess holiday K11"]
[Site "?"]
[Date "2018.07.15"]
[Round "1"]
[White "Pokorny, Jan"]
[Black "Veselsky, Jan"]
[Result "1-0"]
[ECO "D30"]
[WhiteElo "1879"]
[BlackElo "1696"]
[Annotator "Koller,Martin"]
[PlyCount "81"]
[TimeControl "240+2"]

{279MB} 1. c4 e6 2. d4 d5 3. e3 c5 4. Nf3 Nf6 5. Be2 Nc6 6. a3 a6 7. dxc5 Bxc5
8. b4 Ba7 9. O-O O-O 10. Bb2 Bd7 11. Nc3 Rc8 12. cxd5 exd5 13. Nxd5 Ne4 14. Nd4
Re8 15. Bf3 Qg5 16. Nf4 Bb8 17. Bxe4 Rxe4 18. Nf3 Qd8 19. Qd5 Re8 20. Rad1 Bg4
21. Qb3 Qb6 22. Nd5 Qa7 23. Rc1 Bxf3 24. gxf3 b5 25. Rc2 Qd7 26. Rfc1 Qd6 27.
f4 Na7 28. Rxc8 Nxc8 29. Qc3 Qf8 30. Qc6 Nd6 31. Qxa6 Nc4 32. Bd4 Nd2 33. Bc5
Re6 34. Qxe6 fxe6 35. Bxf8 Kxf8 36. Rc8+ Kf7 37. Rxb8 exd5 38. Rxb5 Ke6 39. f5+
Kd6 40. Rb7 Ke5 41. Rxg7 1-0

[Event "International chess holiday K11"]
[Site "?"]
[Date "2018.07.15"]
[Round "1"]
[White "Koper, Stefan"]
[Black "Pacovsky, Ota"]
[Result "1-0"]
[ECO "D35"]
[WhiteElo "1830"]
[BlackElo "1743"]
[Annotator "Koller,Martin"]
[PlyCount "81"]
[TimeControl "240+2"]

{279MB} 1. d4 e6 2. c4 Nf6 3. Nf3 d5 4. cxd5 exd5 5. Nc3 c6 6. Bg5 Bf5 7. e3
Nbd7 8. Bd3 Bxd3 9. Qxd3 Be7 10. O-O O-O 11. Rab1 Re8 12. b4 Ne4 13. Bxe7 Qxe7
14. b5 Rab8 15. Rb3 Qd6 16. Nd2 Nxd2 17. Qxd2 Nf6 18. Qb2 Rbd8 19. bxc6 bxc6
20. Na4 Ng4 21. g3 Qh6 22. h4 g5 23. Kg2 gxh4 24. Rh1 Qg5 25. Rxh4 Re6 26. Nc5
Rf6 27. Nd3 Qf5 28. Nf4 Qe4+ 29. Kh3 Nh6 30. Kh2 Qf3 31. Rb8 Rf8 32. Rxf8+ Kxf8
33. Qb8+ Ke7 34. Qe5+ Re6 35. Qg5+ Ke8 36. Rxh6 Qxf2+ 37. Ng2 Rg6 38. Qe5+ Kf8
39. Rxh7 Qxa2 40. Qb8+ Ke7 41. Qc7+ 1-0

[Event "International chess holiday K11"]
[Site "?"]
[Date "2018.07.15"]
[Round "1"]
[White "Pelikan, Jaromir"]
[Black "Schimmer, Michael"]
[Result "0-1"]
[ECO "A57"]
[WhiteElo "1787"]
[BlackElo "1770"]
[Annotator "Koller,Martin"]
[PlyCount "82"]
[TimeControl "240+2"]

{279MB} 1. d4 Nf6 2. Nf3 c5 3. d5 d6 4. c4 b5 5. cxb5 a6 6. e3 g6 7. bxa6 Bg7
8. Bb5+ Nbd7 9. Qd3 Bxa6 10. Bxa6 Qa5+ 11. Bd2 Qxa6 12. Qxa6 Rxa6 13. Nc3 O-O
14. Ke2 Rb8 15. Rhb1 Nb6 16. e4 Nc4 17. Bc1 Rab6 18. a4 Na5 19. Ra2 Rb4 20. Nd2
Nd7 21. Nb5 f5 22. f3 fxe4 23. fxe4 Rf8 24. b3 Bh6 25. Kd3 Ne5+ 26. Kc3 Rf2 27.
Ba3 Bxd2+ 28. Rxd2 Rxd2 29. Kxd2 Rxe4 30. Bb2 Nxb3+ 31. Kc2 Na5 32. Bc3 Rxa4
33. Nc7 Ra2+ 34. Kd1 Nac4 35. Bxe5 Nxe5 36. Rb8+ Kf7 37. Ne6 Nd7 38. Rd8 Ra7
39. Rh8 h5 40. h3 Kf6 41. Rh7 Nb6 0-1

[Event "International chess holiday K11"]
[Site "?"]
[Date "2018.07.15"]
[Round "1"]
[White "Basson, Heinrich"]
[Black "Privoznik, Lubos"]
[Result "1-0"]
[ECO "D02"]
[WhiteElo "1891"]
[BlackElo "1626"]
[Annotator "Koller,Martin"]
[PlyCount "73"]
[TimeControl "240+2"]

{279MB} 1. d4 d5 2. Nf3 Nf6 3. Bf4 c6 4. c3 Bg4 5. Nbd2 h6 6. h3 Bh5 7. e3 Nbd7
8. Bd3 Bxf3 9. Qxf3 e6 10. O-O c5 11. Rab1 c4 12. Bc2 Qa5 13. a3 Be7 14. e4
dxe4 15. Nxe4 Nd5 16. Nd6+ Bxd6 17. Bxd6 N7f6 18. Qg3 g6 19. Qh4 O-O-O 20. Be5
g5 21. Qg3 Rhg8 22. Qf3 g4 23. hxg4 Rxg4 24. Bxf6 Rf4 25. Bxd8 Qxd8 26. Qg3 h5
27. Rfe1 h4 28. Qh3 Qg5 29. Re4 Rxe4 30. Bxe4 Nf4 31. Qf3 h3 32. g3 h2+ 33. Kh1
Nh3 34. Bxb7+ Kb8 35. Kxh2 Qh6 36. Kg2 Ng5 37. Rh1 1-0

[Event "International chess holiday M11"]
[Site "?"]
[Date "2018.07.15"]
[Round "2"]
[White "Yanjinlkham, Bayarsaikhan"]
[Black "Hadzala, Daniel"]
[Result "1-0"]
[ECO "A53"]
[WhiteElo "1984"]
[BlackElo "2104"]
[Annotator "Koller,Martin"]
[PlyCount "67"]
[TimeControl "240+2"]

{279MB} 1. d4 Nf6 2. c4 d6 3. g3 Nbd7 4. Bg2 e5 5. Nc3 Be7 6. e3 c6 7. Nge2 O-O
8. O-O Re8 9. b3 Qa5 10. Bb2 Nf8 11. a3 exd4 12. Nxd4 Ng6 13. b4 Qc7 14. Rc1
Ne5 15. Nce2 h5 16. Qc2 Bf8 17. b5 Bd7 18. Nf4 Rac8 19. bxc6 bxc6 20. Nf3 Rb8
21. Ng5 g6 22. Ba1 Bf5 23. e4 Bc8 24. Nd3 Ba6 25. Nxe5 dxe5 26. f4 Ng4 27. Rf3
f6 28. Nh3 Bxa3 29. Rxa3 Bc8 30. Nf2 exf4 31. Nxg4 hxg4 32. gxf4 Qxf4 33. Rf1
Qd6 34. c5 1-0

[Event "International chess holiday M11"]
[Site "?"]
[Date "2018.07.15"]
[Round "2"]
[White "Zacek, Petr"]
[Black "Vesely, Jaromir"]
[Result "0-1"]
[ECO "D15"]
[WhiteElo "1897"]
[BlackElo "2008"]
[Annotator "Koller,Martin"]
[PlyCount "94"]
[TimeControl "240+2"]

{279MB} 1. d4 d5 2. Nf3 Nf6 3. c4 c6 4. Nc3 Bg4 5. Ne5 Be6 6. e3 g6 7. Be2 Bg7
8. O-O O-O 9. b3 Nfd7 10. Nf3 dxc4 11. Bxc4 Bxc4 12. bxc4 c5 13. Bb2 cxd4 14.
exd4 Nc6 15. c5 e5 16. d5 Na5 17. Ne4 Nc4 18. Bc3 f5 19. Neg5 Nxc5 20. Bb4 Nb2
21. Qc2 Ncd3 22. Bxf8 Bxf8 23. d6 Qb6 24. d7 Rd8 25. Rab1 Bg7 26. Qc8 Bf6 27.
h4 e4 28. Ne1 Qc6 29. Qxc6 bxc6 30. Nxd3 exd3 31. Nf3 Rxd7 32. Nd2 Bc3 33. Nf3
d2 34. Nxd2 Rxd2 35. Rbc1 Rd3 36. Rc2 c5 37. Rb1 Na4 38. Kf1 Bd4 39. Rb7 Nc3
40. g3 a6 41. Ra7 Ne4 42. Rxa6 Rf3 43. a4 Bxf2 44. Ke2 Re3+ 45. Kf1 Bxg3 46.
Ra7 f4 47. Re2 f3 0-1

[Event "International chess holiday M11"]
[Site "?"]
[Date "2018.07.15"]
[Round "2"]
[White "Mouritsen, Jan"]
[Black "Chmel, Kristian"]
[Result "0-1"]
[ECO "B90"]
[WhiteElo "1900"]
[BlackElo "2121"]
[Annotator "Koller,Martin"]
[PlyCount "62"]
[TimeControl "240+2"]

{279MB} 1. e4 c5 2. Nf3 d6 3. d4 cxd4 4. Nxd4 Nf6 5. Nc3 a6 6. h3 e5 7. Nde2 h5
8. g3 Be6 9. Bg2 Be7 10. O-O Qc7 11. Be3 Nbd7 12. Qd2 Rc8 13. f4 b5 14. Nd5
Bxd5 15. exd5 Nb6 16. fxe5 Nc4 17. Qc3 dxe5 18. Kh1 Nxe3 19. Qxe3 O-O 20. c3
Rcd8 21. Rad1 g6 22. Rd2 Nh7 23. h4 f5 24. Bf3 Bc5 25. Qh6 Rf6 26. Rfd1 Bf8 27.
Qe3 Bc5 28. Qh6 Qf7 29. Ng1 e4 30. Be2 f4 31. gxf4 Bf8 0-1

[Event "International chess holiday M11"]
[Site "?"]
[Date "2018.07.15"]
[Round "2"]
[White "Reichmann, Steffen"]
[Black "Lys, Josef"]
[Result "1-0"]
[ECO "B12"]
[WhiteElo "1965"]
[BlackElo "2118"]
[Annotator "Koller,Martin"]
[PlyCount "79"]
[TimeControl "240+2"]

{279MB} 1. e4 c6 2. d4 d5 3. f3 e6 4. Be3 Qb6 5. Qc1 dxe4 6. fxe4 Nf6 7. Nd2
Ng4 8. Nc4 Qd8 9. Nf3 Be7 10. Bd3 Na6 11. O-O Nb4 12. Be2 O-O 13. c3 Na6 14.
Bf4 c5 15. h3 Nf6 16. Qe3 cxd4 17. cxd4 Nb4 18. Rad1 Nxa2 19. d5 exd5 20. exd5
Re8 21. d6 Bf8 22. Qd2 Ne4 23. Qd4 Bf5 24. Qd5 Bg6 25. Nfe5 Nac3 26. bxc3 Nxc3
27. Qf3 Nxe2+ 28. Qxe2 f6 29. Qa2 fxe5 30. Nxe5+ Kh8 31. Nxg6+ hxg6 32. Qf7
Qb6+ 33. Kh1 Kh7 34. Bg3 Qc6 35. Rd4 Re4 36. Rf4 Rxf4 37. Bxf4 Re8 38. Bd2 g5
39. d7 Rd8 40. Bxg5 1-0

[Event "International chess holiday M11"]
[Site "?"]
[Date "2018.07.15"]
[Round "2"]
[White "Chudinovskikh, Alexander"]
[Black "Vojta, Jakub"]
[Result "1-0"]
[ECO "B51"]
[WhiteElo "2237"]
[BlackElo "2124"]
[Annotator "Koller,Martin"]
[PlyCount "123"]
[TimeControl "240+2"]

{279MB} 1. e4 c5 2. Nf3 d6 3. Bb5+ Nd7 4. O-O a6 5. Bd3 g6 6. c3 Bg7 7. Bc2
Ngf6 8. d4 O-O 9. Nbd2 Qc7 10. Re1 e5 11. dxc5 dxc5 12. a4 b6 13. Nc4 Rd8 14.
Qd6 Ne8 15. Qxc7 Nxc7 16. Rd1 Ne6 17. Bb3 Ra7 18. Nd6 Ndf8 19. Be3 h6 20. Rd2
Bd7 21. Bd5 Bxa4 22. Nb7 Bd7 23. Nxd8 Nxd8 24. b4 Nc6 25. bxc5 b5 26. Rda2 a5
27. Bxc6 Bxc6 28. Rxa5 Rd7 29. Ra6 Bxe4 30. Nd2 Bd3 31. Rd6 Rxd6 32. cxd6 Nd7
33. Ra7 Bf5 34. Rb7 Bf8 35. Rxb5 Bxd6 36. Bxh6 Be7 37. Be3 Be6 38. c4 f5 39. f3
Kf7 40. g3 Ke8 41. Kg2 Kd8 42. h4 Kc7 43. Ra5 Bb4 44. Ra6 Bf7 45. Ra4 Bc3 46.
Nb3 Kd6 47. Ra6+ Ke7 48. Bg5+ Kf8 49. Rc6 Kg7 50. Nc5 Nf8 51. Bf6+ Kh6 52. Rc8
Nh7 53. Rc7 Nxf6 54. Rxf7 e4 55. fxe4 fxe4 56. Rxf6 Bxf6 57. Nxe4 Bd8 58. c5
Kg7 59. c6 Kf7 60. Nd6+ Ke7 61. Nb5 Bb6 62. Kf3 1-0

[Event "International chess holiday K11"]
[Site "?"]
[Date "2018.07.15"]
[Round "2"]
[White "Privoznik, Lubos"]
[Black "Pokorny, Jan"]
[Result "0-1"]
[ECO "B08"]
[WhiteElo "1626"]
[BlackElo "1879"]
[Annotator "Koller,Martin"]
[PlyCount "70"]
[TimeControl "240+2"]

{279MB} 1. e4 d6 2. d4 Nf6 3. Nc3 g6 4. h3 Bg7 5. Nf3 O-O 6. Be3 a6 7. Be2 b5
8. a3 Bb7 9. Bd3 Nbd7 10. Qd2 c5 11. d5 Qc7 12. Bh6 c4 13. Bxg7 Kxg7 14. Be2
Nc5 15. Qd4 e5 16. Qe3 Bc8 17. g4 Qe7 18. Nd2 h6 19. f3 Bd7 20. h4 Ne8 21. Nf1
Qf6 22. g5 Qf4 23. gxh6+ Kxh6 24. Qxf4+ exf4 25. Nh2 f5 26. O-O-O fxe4 27. Nxe4
Nxe4 28. fxe4 Nf6 29. Bf3 Rae8 30. Rde1 Re5 31. Nf1 Rfe8 32. Nd2 Nxd5 33. h5 g5
34. Reg1 Nf6 35. Be2 g4 0-1

[Event "International chess holiday K11"]
[Site "?"]
[Date "2018.07.15"]
[Round "2"]
[White "Docekalova, Alexandra"]
[Black "Basson, Heinrich"]
[Result "0-1"]
[ECO "D04"]
[WhiteElo "1893"]
[BlackElo "1891"]
[Annotator "Koller,Martin"]
[PlyCount "68"]
[TimeControl "240+2"]

{279MB} 1. e3 d5 2. d4 Nf6 3. Nf3 c6 4. Bd3 Bg4 5. Nbd2 Nbd7 6. h3 Bh5 7. c3
Qc7 8. Qc2 e5 9. dxe5 Nxe5 10. Nxe5 Qxe5 11. Nf3 Bxf3 12. gxf3 O-O-O 13. Bd2
Bd6 14. O-O-O Kb8 15. a4 Bc7 16. Qb3 Nd7 17. Qc2 Nc5 18. Be2 Ne6 19. Bd3 Qh5
20. f4 Nc5 21. b4 Nxd3+ 22. Qxd3 Qf3 23. Qf5 g6 24. Qg4 Qe4 25. Kb2 Qc4 26. f5
Qd3 27. Bc1 Qa6 28. Ka3 Rde8 29. fxg6 hxg6 30. Qf3 Rh7 31. Bb2 Bd6 32. Qg4 b5
33. a5 Qxa5+ 34. Kb3 Qa4# 0-1

[Event "International chess holiday K11"]
[Site "?"]
[Date "2018.07.15"]
[Round "2"]
[White "Veselsky, Jan"]
[Black "Koper, Stefan"]
[Result "0-1"]
[ECO "B00"]
[WhiteElo "1696"]
[BlackElo "1830"]
[Annotator "Koller,Martin"]
[PlyCount "84"]
[TimeControl "240+2"]

{279MB} 1. d4 b6 2. e4 Bb7 3. Bd3 g6 4. Nf3 Bg7 5. c4 d6 6. Nc3 Nd7 7. O-O c5
8. Be3 e5 9. dxe5 dxe5 10. Nd5 Ne7 11. Qb3 Nc6 12. Bg5 f6 13. Bh4 O-O 14. Rad1
Rf7 15. Bb1 Qc8 16. a3 Nf8 17. Qd3 g5 18. Bg3 h5 19. h3 h4 20. Bh2 Ne6 21. b4
Ncd4 22. Rfe1 Nxf3+ 23. Qxf3 Nd4 24. Qh5 Qe6 25. Ne3 Rd7 26. Ng4 Qf7 27. Nh6+
Bxh6 28. Qxh6 Qg7 29. Qh5 Rad8 30. Qg4 Bc8 31. Qh5 Rd6 32. bxc5 bxc5 33. Ba2
Be6 34. Rb1 Qh7 35. Qd1 Qg7 36. Qh5 R6d7 37. Qd1 g4 38. hxg4 Bxg4 39. Qa4 Bf3
40. g3 Qg4 41. Qa6 Qh3 42. Qxf6 Qg2# 0-1

[Event "International chess holiday K11"]
[Site "?"]
[Date "2018.07.15"]
[Round "2"]
[White "Repa, Vaclav"]
[Black "Schimmer, Michael"]
[Result "0-1"]
[ECO "A34"]
[WhiteElo "1656"]
[BlackElo "1770"]
[Annotator "Koller,Martin"]
[PlyCount "86"]
[TimeControl "240+2"]

{279MB} 1. c4 c5 2. Nc3 Nf6 3. g3 d5 4. cxd5 Nxd5 5. Bg2 Nc7 6. Qb3 Nc6 7. e3
e6 8. Nge2 Be7 9. Bxc6+ bxc6 10. Nf4 Ba6 11. h4 O-O 12. h5 Rb8 13. Qc2 Nd5 14.
Ncxd5 cxd5 15. b3 d4 16. h6 g6 17. Bb2 e5 18. Nd3 Qd5 19. Rh2 Rfc8 20. f4 Qf3
21. Rf2 Qxg3 22. fxe5 dxe3 23. dxe3 Qxe3+ 24. Qe2 Qxd3 25. e6 Qxe2+ 26. Rxe2
Bh4+ 27. Kd2 Bxe2 28. exf7+ Kxf7 29. Kxe2 Re8+ 30. Kf3 Bf6 31. Bxf6 Kxf6 32.
Rd1 Rbd8 33. Rc1 Re5 34. b4 Rdd5 35. b5 Rf5+ 36. Kg4 Rd4+ 37. Kg3 g5 38. Rb1
Re5 39. Rf1+ Kg6 40. Rf3 c4 41. a4 Rd3 42. a5 Rxf3+ 43. Kxf3 Rxb5 0-1

[Event "International chess holiday K11"]
[Site "?"]
[Date "2018.07.15"]
[Round "2"]
[White "Pacovský, Ota"]
[Black "Pelikan, Jaromir"]
[Result "1-0"]
[ECO "B00"]
[WhiteElo "1743"]
[BlackElo "1787"]
[Annotator "Koller,Martin"]
[PlyCount "109"]
[TimeControl "240+2"]

{279MB} 1. e4 b6 2. Nf3 Bb7 3. Nc3 e6 4. d4 Bb4 5. Bd3 Nf6 6. Bg5 h6 7. Bxf6
Qxf6 8. a3 Bxc3+ 9. bxc3 Qg6 10. Qe2 d6 11. O-O Nd7 12. Nd2 e5 13. f4 O-O 14.
fxe5 dxe5 15. Rf5 Qc6 16. Bc4 b5 17. Bxb5 Qxc3 18. Nb3 Bc6 19. Bxc6 Qxc6 20.
dxe5 Rae8 21. Rd1 Nxe5 22. h3 Qa4 23. Rd5 Qc4 24. Qxc4 Nxc4 25. Rd7 Rxe4 26.
Rxc7 Nxa3 27. Ra5 Rc4 28. Rxc4 Nxc4 29. Rxa7 Rc8 30. Kf2 Nd6 31. Nd4 Rc4 32.
Ra8+ Kh7 33. Ke3 Rc3+ 34. Kf4 Rc5 35. Rd8 g5+ 36. Ke3 Rc3+ 37. Kd2 Ne4+ 38. Kc1
Rg3 39. Re8 Nc3 40. Ne2 Nxe2+ 41. Rxe2 Rc3 42. Kd2 Rc7 43. Kd3 Kg6 44. c4 f6
45. Kd4 Kf7 46. Kd5 Rd7+ 47. Kc6 Rd1 48. c5 f5 49. Kc7 Rc1 50. c6 Rd1 51. Re5
f4 52. Kb7 Rb1+ 53. Kc7 Rd1 54. Kb6 Rb1+ 55. Rb5 1-0

[Event "International chess holiday M11"]
[Site "?"]
[Date "2018.07.16"]
[Round "3"]
[White "Hadzala, Daniel"]
[Black "Reichmann, Steffen"]
[Result "1-0"]
[ECO "A26"]
[WhiteElo "2104"]
[BlackElo "1965"]
[Annotator "Koller,Martin"]
[PlyCount "59"]
[TimeControl "240+2"]

{279MB} 1. Nf3 d6 2. g3 f5 3. Bg2 Nf6 4. d3 g6 5. c4 Bg7 6. Nc3 O-O 7. O-O e5
8. Rb1 Nc6 9. b4 h6 10. b5 Ne7 11. Ne1 g5 12. Nc2 f4 13. d4 Bf5 14. e4 fxe3 15.
fxe3 exd4 16. exd4 Rb8 17. Rb3 Qd7 18. Ne3 Bh3 19. Rb2 c5 20. dxc5 Bxg2 21.
Kxg2 dxc5 22. Rxf6 Qd4 23. Rxf8+ Rxf8 24. Rc2 Ng6 25. Qg4 Ne5 26. Qe6+ Kh8 27.
Nf5 Qd3 28. Rf2 Qxc3 29. Bb2 Qxc4 30. Qxc4 1-0

[Event "International chess holiday M11"]
[Site "?"]
[Date "2018.07.16"]
[Round "3"]
[White "Vojta, Jakub"]
[Black "Zacek, Petr"]
[Result "1-0"]
[ECO "C10"]
[WhiteElo "2124"]
[BlackElo "1897"]
[Annotator "Koller,Martin"]
[PlyCount "43"]
[TimeControl "240+2"]

{279MB} 1. e4 e6 2. d4 d5 3. Nc3 dxe4 4. Nxe4 Nd7 5. Bd3 Ngf6 6. Nf3 Be7 7. O-O
b6 8. Qe2 Bb7 9. Ne5 O-O 10. Re1 Rc8 11. Ng5 Qe8 12. c4 c5 13. d5 Nxe5 14. Qxe5
Nd7 15. Bxh7+ Kh8 16. Qe4 Bxg5 17. Bxg5 Nf6 18. Bxf6 gxf6 19. Re3 f5 20. Bxf5
Qd8 21. Rh3+ Kg7 22. Qe5+ 1-0

[Event "International chess holiday M11"]
[Site "?"]
[Date "2018.07.16"]
[Round "3"]
[White "Lys, Josef"]
[Black "Mouritsen, Jan"]
[Result "1-0"]
[ECO "A82"]
[WhiteElo "2118"]
[BlackElo "1900"]
[Annotator "Koller,Martin"]
[PlyCount "57"]
[TimeControl "240+2"]

{279MB} 1. d4 f5 2. e4 fxe4 3. Nc3 Nf6 4. f3 exf3 5. Nxf3 e6 6. Bd3 Be7 7. O-O
O-O 8. Bg5 Nc6 9. Qd2 b6 10. Ne4 Bb7 11. Ng3 Nd5 12. h4 Qe8 13. Rae1 Bf6 14. c4
Nde7 15. Bxf6 Rxf6 16. d5 Nd8 17. Ne4 Rh6 18. d6 Nf5 19. dxc7 Nf7 20. Nfg5 Rxh4
21. Rxf5 exf5 22. Nf6+ gxf6 23. Rxe8+ Rxe8 24. Nxf7 Kxf7 25. Bxf5 Rxc4 26.
Qxd7+ Re7 27. Be6+ Kf8 28. Qd8+ Re8 29. Qxf6# 1-0

[Event "International chess holiday M11"]
[Site "?"]
[Date "2018.07.16"]
[Round "3"]
[White "Vesely, Jaromir"]
[Black "Yanjinlkham, Bayarsaikhan"]
[Result "0-1"]
[ECO "D10"]
[WhiteElo "2008"]
[BlackElo "1984"]
[Annotator "Koller,Martin"]
[PlyCount "96"]
[TimeControl "240+2"]

{279MB} 1. d4 d5 2. c4 c6 3. Nc3 Nf6 4. e3 a6 5. cxd5 cxd5 6. f4 Nc6 7. Nf3 Bg4
8. Bd3 e6 9. O-O Bd6 10. Bd2 Na5 11. Qe2 Rc8 12. Rad1 Nc4 13. Bc1 Bb4 14. h3
Bh5 15. g4 Bg6 16. e4 Bxc3 17. f5 Bb4 18. b3 Nb6 19. fxg6 hxg6 20. e5 Nh7 21.
Rf2 O-O 22. Rdf1 Be7 23. h4 Bxh4 24. Nxh4 Qxh4 25. Kg2 Qe7 26. Rh1 Nd7 27. Qe3
Rfe8 28. Qh3 Ndf8 29. Bxg6 fxg6 30. Rxf8+ Rxf8 31. Qxh7+ Kf7 32. Rf1+ Ke8 33.
Qxg6+ Kd7 34. Bg5 Qe8 35. Qxg7+ Kc6 36. Rc1+ Kb6 37. Rxc8 Qxc8 38. Be7 Qc2+ 39.
Kh3 Rf3+ 40. Kh4 Qh2+ 41. Kg5 Qf4+ 42. Kh5 Qxd4 43. Bd8+ Ka7 44. Be7 Rh3+ 45.
Kg5 Rf3 46. Kh6 Qf4+ 47. Kh7 Qf7 48. Bf6 Rh3+ 0-1

[Event "International chess holiday K11"]
[Site "?"]
[Date "2018.07.16"]
[Round "3"]
[White "Pelikan, Jaromir"]
[Black "Veselsky, Jan"]
[Result "1-0"]
[ECO "D02"]
[WhiteElo "1787"]
[BlackElo "1696"]
[Annotator "Koller,Martin"]
[PlyCount "45"]
[TimeControl "240+2"]

{279MB} 1. d4 d5 2. Bf4 e6 3. Nf3 c5 4. c3 Nc6 5. e3 Nf6 6. Nbd2 Be7 7. h3 O-O
8. Bd3 Bd7 9. Ne5 Rc8 10. g4 Be8 11. h4 Nd7 12. g5 Ndxe5 13. dxe5 d4 14. Ne4
dxe3 15. fxe3 Qa5 16. Nf6+ Bxf6 17. Bxh7+ Kxh7 18. Qh5+ Kg8 19. gxf6 Nd4 20.
exd4 cxd4 21. Qg5 g6 22. Qh6 Bc6 23. Qg7# 1-0

[Event "International chess holiday K11"]
[Site "?"]
[Date "2018.07.16"]
[Round "3"]
[White "Schimmer, Michael"]
[Black "Pacovsky, Ota"]
[Result "1-0"]
[ECO "B01"]
[WhiteElo "1770"]
[BlackElo "1743"]
[Annotator "Koller,Martin"]
[PlyCount "51"]
[TimeControl "240+2"]

{279MB} 1. e4 d5 2. exd5 Nf6 3. d4 g6 4. c4 Bg7 5. Nc3 O-O 6. Be2 c6 7. dxc6
Nxc6 8. d5 Ne5 9. Nf3 Qc7 10. Nxe5 Qxe5 11. O-O Bf5 12. Be3 Ne4 13. Rc1 Rfd8
14. Qb3 h5 15. Bf3 Nf6 16. Rfe1 Qc7 17. Nb5 Qb8 18. Bc5 a6 19. Nd4 e5 20. dxe6
Rxd4 21. exf7+ Kh7 22. Bxd4 Ng4 23. Bxg4 Bxd4 24. Bxf5 Bxf2+ 25. Kxf2 gxf5 26.
Qf3 1-0

[Event "International chess holiday K11"]
[Site "?"]
[Date "2018.07.16"]
[Round "3"]
[White "Basson, Heinrich"]
[Black "Repa, Vaclav "]
[Result "1-0"]
[ECO "D02"]
[WhiteElo "1891"]
[BlackElo "1656"]
[Annotator "Koller,Martin"]
[PlyCount "77"]
[TimeControl "240+2"]

{279MB} 1. d4 d5 2. Nf3 Bg4 3. Bf4 Bxf3 4. exf3 a6 5. c3 Nd7 6. Bd3 Ngf6 7. Nd2
e6 8. Qe2 c5 9. dxc5 Bxc5 10. O-O O-O 11. Nb3 Nh5 12. Bd2 Bd6 13. g3 Nhf6 14.
Rad1 Nc5 15. Nxc5 Bxc5 16. Bb1 Re8 17. Qd3 g6 18. Bg5 Be7 19. Qc2 Rc8 20. Qb3
Qc7 21. Rfe1 b5 22. Bd3 Nd7 23. Be3 Nc5 24. Bxc5 Bxc5 25. a4 Qb6 26. Re2 Rb8
27. axb5 axb5 28. h4 b4 29. c4 dxc4 30. Bxc4 Red8 31. Rde1 h5 32. Kg2 Rd4 33.
Bxe6 fxe6 34. Rxe6 Qxe6 35. Qxe6+ Kh7 36. Qc6 Bd6 37. Re6 g5 38. Qd7+ Kg8 39.
Rg6+ 1-0